 Dungeon Crawl Stone Soup version 0.18-a0-270-ga9d907f (webtiles) character file.

5807 Fishman the Nimble (level 10, -1/80 HPs)
             Began as a Merfolk Transmuter on Nov 26, 2015.
             Was a Believer of Cheibriados.
             Slain by a hill giant
             ... wielding a +0 giant club
              (35 damage)
             ... on level 10 of the Dungeon.
             The game lasted 00:28:37 (9730 turns).

Fishman the Nimble (Merfolk Transmuter)             Turns: 9730, Time: 00:28:37

Health: -1/80      AC:  2    Str: 16    XL:     10   Next: 79%
Magic:  11/15      EV: 33    Int: 18    God:    Cheibriados [**....]
Gold:   117        SH:  0    Dex: 27    Spells: 4 memorised, 2 levels left

rFire  + . .     SeeInvis .       - Unarmed
rCold  . . .     Clarity  .     (armour currently unavailable)
rNeg   . . .     SustAt   .     (shield currently unavailable)
rPois  x         Gourm    .     (helmet currently unavailable)
rElec  .         Spirit   .     (cloak currently unavailable)
rCorr  +         Warding  .     (gloves currently unavailable)
rMut   .         Stasis   .     (boots currently unavailable)
MR     .....                    l - amulet of resist corrosion
Stlth  +++.......               (no ring)
                                m - ring of protection from fire

@: spider-form, very slow, not resistant to hostile enchantments, fairly
stealthy
A: (change form in water), (swift swim)
a: End Transformation, Bend Time, Renounce Religion


You were on level 10 of the Dungeon.
You worshipped Cheibriados.
Cheibriados was pleased with you.
You were not hungry.
You were a venomous arachnid creature.
You visited 2 branches of the dungeon, and saw 11 of its levels.

You collected 663 gold pieces.
You spent 546 gold pieces at shops.

Inventory:

Missiles
 a - 29 arrows
Armour
 b - a +0 robe (melded)
 f - a +0 pair of gloves (melded)
 u - a +0 helmet (melded)
 E - the +2 cloak of the Doge (melded) {+Fly SInv}
   (You found it on level 7 of the Dungeon)

   It lets you see invisible.
   It lets you fly.
Jewellery
 l - an amulet of resist corrosion (around neck)
 m - a ring of protection from fire (left front leg)
 H - an uncursed amulet of the gourmand
Wands
 r - a wand of lightning (6)
 K - a wand of fire (8)
 N - a wand of draining (7)
 O - a wand of enslavement (13)
 P - a wand of invisibility (6)
Scrolls
 i - 7 scrolls of remove curse
 j - 3 scrolls of amnesia
 k - a scroll of fear {unknown}
 o - a scroll of enchant weapon {unknown}
 q - a scroll of fog
 s - a scroll of recharging
 v - a scroll of enchant armour {unknown}
 x - 3 scrolls of blinking
 y - 3 scrolls of teleportation
 F - a scroll of vulnerability {unknown}
 J - a scroll of brand weapon {unknown}
 L - a scroll of torment {unknown}
Potions
 e - 6 potions of curing
 g - a potion of invisibility
 h - a potion of degeneration {unknown}
 p - a potion of ambrosia {unknown}
 t - a potion of poison {unknown}
 w - a potion of heal wounds {unknown}
 B - 3 potions of might {unknown}
 C - 2 potions of cancellation {unknown}
 D - 2 potions of brilliance {unknown}
 G - a potion of resistance {unknown}
 I - a potion of magic {unknown}
Books
 M - a book of Maledictions

   Spells                             Type                      Level
   a - Corona                         Hexes                        1
   b - Ensorcelled Hibernation        Hexes/Ice                    2
   c - Confuse                        Hexes                        3
   d - Tukima's Dance                 Hexes                        3
   e - Dazzling Spray                 Conjuration/Hexes            3
Comestibles
 d - 6 bread rations
 n - 2 meat rations
 z - a royal jelly
 A - a beef jerky


   Skills:
 - Level 8.2 Fighting
 - Level 9.3 Dodging
 - Level 2.1 Stealth
 - Level 9.2 Unarmed Combat
 + Level 3.7 Spellcasting
 * Level 8.7 Transmutations
 - Level 4.8 Invocations
 + Level 2.8 Evocations


You had 2 spell levels left.
You knew the following spells:

 Your Spells              Type           Power        Failure   Level  Hunger
a - Ice Form              Ice/Trmt       ###.....     50%         4    ####...
b - Sticks to Snakes      Trmt           #####...     4%          2    ##.....
c - Spider Form           Trmt/Pois      ###.......   24%         3    ###....
d - Blade Hands           Trmt           #####.....   32%         5    ######.


Dungeon Overview and Level Annotations

Branches:
Dungeon (10/15)            Temple (1/1) D:4            Lair (0/8) D:8
    Orc: D:9-12

Altars:
Ashenzari
Cheibriados
Dithmenos
Elyvilon
Fedhas
Gozag
Kikubaaqudgha
Makhleb
Nemelex Xobeh
Okawaru
Qazlal
Ru
Sif Muna
Trog
Vehumet
Xom
Yredelemnul
Zin
The Shining One

Shops:
D:5 (   D:9 *


Message History

Your ball python bites the hill giant but does no damage.
The hill giant hits you with a giant club!
You bite the hill giant!
The hill giant looks even sicker.
The hill giant is lightly wounded.
Your ball python bites the hill giant but does no damage.
You bite the hill giant!
The hill giant is moderately wounded.
Your ball python bites the hill giant but does no damage.
An orc warrior comes into view. It is wielding a glaive.
Your ball python bites the hill giant but does no damage.
The hill giant hits you with a giant club!!!
Your ball python bites the hill giant but does no damage.
All of the chunks of flesh in your inventory have rotted away.
You bite the hill giant!
The hill giant is severely wounded.
Your ball python bites the hill giant but does no damage.
You bite the hill giant!
The hill giant is almost dead.
The hill giant hits you with a giant club!!
You die...

§§8§§..........# .....
§§§§§..........###....#
.§§.###.............o.#
§§§§# #...............##
..§.###.................
........................
................oo......
.........(.....SC....)..
..........###...s.......
..........# #...........
..........###...........
........................
........................
.).^....................
..................###...
..................# ...
#.################# ##


You could see a hill giant, an orc warrior, 2 orcs and a friendly ball python.

Vanquished Creatures
  Maurice (D:8)
  A troll (D:9)
  A two-headed ogre (D:8)
  Prince Ribbit (D:5)
  A wyvern (D:10)
  2 wraiths (D:10)
  4 yaks (D:9)
  A hungry ghost (D:8)
  Edmund (D:5)
  2 ice beasts (D:5)
  2 sky beasts
  A necrophage (D:6)
  3 orc warriors
  2 black bears
  4 ogres
  A centaur (D:9)
  2 phantoms
  2 big kobolds
  Blork the orc (D:5)
  3 giant frogs
  A wyvern zombie (D:10)
  A scorpion (D:7)
  A wyvern skeleton (D:6)
  3 wights (D:10)
  3 killer bees (D:7)
  4 crimson imps
  A giant frog zombie (D:8)
  4 hounds
  3 orc priests
  A quasit (D:9)
  Ijyb (D:3)
  A giant frog skeleton (D:6)
  6 orc wizards
  2 jellies
  A centaur skeleton (D:5)
  5 worker ants
  2 worker ant zombies
  8 adders
  8 gnolls
  A shadow imp (D:8)
  2 adder zombies
  An adder skeleton (D:4)
  A worm (D:3)
  4 giant geckos
  25 orcs
  3 ball pythons
  10 bats
  3 giant cockroaches
  4 hobgoblins
  4 jackals (D:6)
  19 kobolds
  A giant gecko zombie (D:8)
  4 giant newts
  20 goblins
  2 quokkas (D:5)
  A quokka skeleton (D:8)
  4 rats
201 creatures vanquished.

Vanquished Creatures (collateral kills)
  A hippogriff (D:4)
  A giant frog (D:3)
  2 adders (D:2)
  A hobgoblin (D:3)
  A giant gecko (D:2)
  A kobold (D:2)
7 creatures vanquished.

Vanquished Creatures (others)
  7 toadstools (D:1)
7 creatures vanquished.

Grand Total: 215 creatures vanquished

Notes
Turn   | Place    | Note
--------------------------------------------------------------
     0 | D:1      | Fishman the Merfolk Transmuter began the quest for the Orb.
     0 | D:1      | Reached XP level 1. HP: 15/15 MP: 3/3
   109 | D:1      | Reached XP level 2. HP: 22/22 MP: 3/5
   678 | D:1      | Learned a level 2 spell: Sticks to Snakes
   803 | D:1      | Reached XP level 3. HP: 29/29 MP: 2/6
   808 | D:1      | Learned a level 3 spell: Spider Form
  1464 | D:2      | Reached skill level 4 in Transmutations
  1544 | D:2      | Reached XP level 4. HP: 30/35 MP: 3/7
  2032 | D:3      | Reached skill level 5 in Transmutations
  2113 | D:3      | Reached XP level 5. HP: 33/41 MP: 3/8
  2380 | D:3      | Noticed Ijyb
  2391 | D:3      | Killed Ijyb
  2603 | D:3      | Reached skill level 5 in Unarmed Combat
  2941 | D:3      | Found a white marble altar of Elyvilon.
  2943 | D:3      | Found a glowing golden altar of the Shining One.
  2944 | D:3      | Found a glowing silver altar of Zin.
  3137 | D:3      | Reached XP level 6. HP: 47/47 MP: 9/9
  3782 | D:4      | Found a staircase to the Ecumenical Temple.
  3800 | D:4      | Reached skill level 5 in Dodging
  3809 | Temple   | Entered the Ecumenical Temple
  3932 | D:4      | Noticed a hippogriff
  3942 | D:4      | Killed a hippogriff
  3942 | D:4      | Reached skill level 6 in Dodging
  3942 | D:4      | Reached XP level 7. HP: 13/52 MP: 5/10
  4269 | D:4      | You fall through a shaft!
  4269 | D:5      | Entered Level 5 of the Dungeon
  4347 | D:5      | Found Apsup's Antique Weapon Shop.
  4379 | D:5      | Found a shimmering altar of Xom.
  4408 | D:5      | Found an ancient bone altar of Kikubaaqudgha.
  4409 | D:5      | Found a shattered altar of Ashenzari.
  4449 | D:5      | Noticed Prince Ribbit
  4464 | D:5      | Killed Prince Ribbit
  4477 | D:5      | Reached skill level 7 in Unarmed Combat
  4553 | D:5      | Reached XP level 8. HP: 58/58 MP: 7/11
  4607 | D:5      | Reached skill level 8 in Unarmed Combat
  4730 | D:5      | Noticed Edmund
  4739 | D:5      | Noticed Blork the orc
  4739 | D:5      | Killed Edmund
  4746 | D:5      | Killed Blork the orc
  4746 | D:5      | Reached skill level 9 in Unarmed Combat
  5294 | D:6      | Reached XP level 9. HP: 63/63 MP: 8/12
  6020 | D:6      | Found an opulent altar of Gozag.
  6021 | D:6      | Found a sparkling altar of Nemelex Xobeh.
  6169 | Temple   | Became a worshipper of Cheibriados the Contemplative
  6346 | D:7      | Got a distressingly furry cloak
  6359 | D:7      | Identified the +2 cloak of the Doge {+Fly SInv} (You found it on level 7 of the Dungeon)
  6505 | D:7      | Reached skill level 5 in Fighting
  6901 | D:7      | Found a bloodstained altar of Trog.
  6906 | D:7      | Found a deep blue altar of Sif Muna.
  6907 | D:7      | Found a stormy altar of Qazlal.
  6914 | D:7      | Found a radiant altar of Vehumet.
  7192 | D:8      | Reached * piety under Cheibriados
  7310 | D:8      | Reached skill level 1 in Invocations
  7533 | D:8      | Noticed Maurice
  7550 | D:8      | Killed Maurice
  7550 | D:8      | Reached XP level 10. HP: 56/80 MP: 6/13
  7701 | D:8      | Found a staircase to the Lair.
  7709 | D:8      | Noticed a six-headed hydra
  7951 | D:9      | Found a basalt altar of Yredelemnul.
  8172 | D:9      | Found an opulent altar of Gozag.
  8373 | D:9      | Found a shimmering altar of Xom.
  8426 | D:9      | Found Pyfas's Assorted Antiques.
  8432 | D:9      | Bought a scroll of teleportation for 84 gold pieces
  8432 | D:9      | Bought a silver wand for 112 gold pieces
  8432 | D:9      | Bought a crooked bronze wand for 112 gold pieces
  8432 | D:9      | Bought an encrusted copper wand for 112 gold pieces
  8432 | D:9      | Bought an embroidered cloak for 126 gold pieces
  8557 | D:9      | Reached skill level 1 in Evocations
  8750 | D:9      | Learned a level 4 spell: Ice Form
  8756 | D:9      | Learned a level 5 spell: Blade Hands
  8810 | D:9      | Reached ** piety under Cheibriados
  8997 | D:10     | Entered Level 10 of the Dungeon
  9495 | D:10     | Noticed a hill giant
  9730 | D:10     | Slain by a hill giant

Vault maps used:
D:1:      nagdon_arrival_zigzag_paths, minmay_misc_feat_enclosed,
          minmay_door_square, minivault_11
D:2:      first_bread, minmay_stone_trees_medium
D:3:      minmay_door_path, good_gods_temple_1, minmay_misc_feat_room, uniq_iyjb
D:4:      minmay_temple_entry_overgrown
D:5:      grunt_temple_overflow_open, serial_shops, shop_coins,
          minmay_strange_pillars, xom_teletrap_fun, uniq_prince_ribbit1,
          uniq_edmund, uniq_blork_the_orc
D:6:      grunt_temple_overflow_opulence
D:7:      minitemple
D:8:      lair_0_dummy, serial_shops, shop_statue,
          hangedman_little_slice_of_home, uniq_pikel, uniq_maurice
D:9:      lemuel_crystal_altar, kennysheep_mini_moat, serial_shops,
          nicolae_shop_overgrown_old_shop, basic_altar
D:10:     kennysheep_orc_monster_closet_entryway, hex_tiny,
          statue_in_the_mist_lemuel
Temple:   hc_temple_tempest_star_small

Action                   |  1- 3 |  4- 6 |  7- 9 | 10-12 || total
-------------------------+-------+-------+-------+-------++-------
Melee: Unarmed           |   105 |   172 |   262 |   176 ||   715
 Cast: Beastly Appendage |    29 |     1 |       |       ||    30
       Sticks to Snakes  |     4 |     5 |     3 |     6 ||    18
       Spider Form       |     1 |    20 |    36 |    21 ||    78
Invok: Bend Time         |       |       |       |     1 ||     1
 Abil: End Transformatio |       |     2 |     3 |     1 ||     6
  Use: Scroll            |     1 |     7 |     4 |     2 ||    14
       Potion            |       |       |     1 |       ||     1
 Stab: Sleeping          |       |     2 |     4 |     4 ||    10
       Invisible         |       |       |     1 |       ||     1
  Eat: Chunk             |     3 |    12 |    19 |     7 ||    41
